 Dungeon Sprint DCSS version 0.20-a0-522-g0b37eee (console) character file.

13 sorlin the Insei (level 2, -2/19 HPs)
             Began as an Octopode Transmuter on Jan 26, 2017.
             Slain by an adder zombie (3 damage)
             ... in the Dungeon (Sprint IX: "|||||||||||||||||||||||||||||").
             The game lasted 00:00:32 (48 turns).

sorlin the Insei (Octopode Transmuter)                Turns: 48, Time: 00:00:33

Health: -2/19      AC:  1    Str:  9    XL:     2   Next: 37%
Magic:  4/5        EV: 14    Int: 15    God:
Gold:   0          SH:  0    Dex: 12    Spells: 4/5 levels left

rFire    . . .     SeeInvis .     - Unarmed
rCold    . . .     Gourm    .   (no shield)
rNeg     . . .     Faith    .   (helmet restricted)
rPois    .         Spirit   .   (no amulet)
rElec    .         Reflect  .   (no ring)
rCorr    .         Harm     .   (no ring)
MR       .....     NoTele   +   (no ring)
Stlth    ++........             (no ring)
Regen    0.1/turn               (no ring)
                                (no ring)
                                (no ring)
                                (no ring)

@: appendage (expiring)
A: almost no armour, stealthy swim, amphibious, 8 rings, constrict 8, tentacle
spike 3, camouflage 1, gelatinous body 1
a: End Transformation


You were in the Dungeon.
You were not hungry.
One of your tentacles had a temporary spike.
You visited 1 branch


Innate Abilities, Weirdness & Mutations

You cannot wear most types of armour.
You are very stealthy in the water. (Stealth+)
You are amphibious.
You can wear up to eight rings at the same time.
You can use your tentacles to constrict eight enemies at once.
Your skin changes colour to match your surroundings (Stealth+).
Your rubbery body absorbs attacks. (AC +1, EV +1)
One of your tentacles bears a large vicious spike.


   Skills:
 + Level 2.2 Fighting
 + Level 2.8 Dodging
 * Level 4.1 Unarmed Combat
 - Level 2.0 Spellcasting
 + Level 2.8 Transmutations


You had 4 spell levels left.
You knew the following spells:

 Your Spells              Type           Power        Failure   Level  Hunger
a - Beastly Appendage     Tmut           ##....       10%         1    #......

Inventory:

Missiles
 a - 12 arrows
Scrolls
 i - a scroll of blinking
Potions
 d - a potion of curing
 e - a potion of heal wounds {!q}
 f - a potion of haste {!q}
 g - 2 potions of magic {!q}
 h - a potion of berserk rage {!q}
Books
 b - a book of Changes

   Spells                             Type                      Level
   a - Beastly Appendage              Transmutation                1
   b - Sticks to Snakes               Transmutation                2
   c - Spider Form                    Transmutation/Poison         3
   d - Ice Form                       Ice/Transmutation            4
   e - Blade Hands                    Transmutation                5
Comestibles
 c - a bread ration {!e}
 j - 3 chunks of flesh


Message History

The orc is lightly wounded.
You constrict the orc.
The leopard gecko hisses angrily.
The orc shouts!
You tentacle-slap the orc but do no damage.
The orc is moderately wounded.
You constrict the orc. The orc barely misses you.
You tentacle-slap the orc.
You kill the orc!
Your Fighting skill increases to level 2!
You have reached level 2!
You bludgeon the adder skeleton! You grab the adder skeleton.
The adder skeleton is heavily damaged.
You constrict the adder skeleton. The adder skeleton bites you.
You take 2 damage.
You tentacle-slap the adder skeleton. x2
You destroy the adder skeleton!
Your Unarmed Combat skill increases to level 4!
You tentacle-slap the orc but do no damage.
You pierce the orc, but do no damage.
The leopard gecko hisses menacingly.
You tentacle-slap the orc but do no damage.
The orc hits you with a hand axe of freezing!
* * * LOW HITPOINT WARNING * * *
The orc freezes you.
* * * LOW HITPOINT WARNING * * *
You take 10 damage.
You barely miss the orc.
You pierce the orc, but do no damage.
The orc hits you but does no damage.
Here: an orc, wielding a hand axe of freezing and wearing a chain mail A mace.
There is something else lying underneath.
The floor.
Unknown command.
You tentacle-slap the orc. You grab the orc.
You tentacle-slap the orc, but do no damage.
You squeeze the orc.
The orc is almost dead.
The orc hits you with a hand axe of freezing.
* * * LOW HITPOINT WARNING * * *
The orc freezes you.
* * * LOW HITPOINT WARNING * * *
You take 2 damage.
You tentacle-slap the orc but do no damage.
You squeeze the orc.
You kill the orc!
Your transformation is almost over.
You barely miss the adder zombie.
You pierce the adder zombie.
The adder zombie is lightly damaged.
The adder zombie bites you.
You die...

█<█
█.█
█.█
█.█
█)█
█.█
█.█
█.█
█.█
█.█
█@█


█Z█ █l█ █.█ █.█ █.█ █+█ You could see an adder zombie and a leopard gecko.

Vanquished Creatures
  An adder skeleton (D)
  2 orcs (D)
  A goblin (D)
  A hobgoblin (D)
  A kobold (D)
  2 bats (D)
8 creatures vanquished.

Notes
Turn   | Place    | Note
-------+----------+-------------------------------------------
     0 | D        | sorlin the Octopode Transmuter began the quest for the Orb.
     0 | D        | Reached XP level 1. HP: 13/13 MP: 3/3
    40 | D        | Reached skill level 2 in Fighting
    40 | D        | Reached XP level 2. HP: 15/19 MP: 3/5
    42 | D        | Reached skill level 4 in Unarmed Combat
    44 | D        | HP: 3/19 [orc/hand axe of freezing (3)]
    46 | D        | HP: 1/19 [orc/hand axe of freezing (1)]
    48 | D        | Slain by an adder zombie

Vault maps used:
D:        linesprint

Action                   || total
-------------------------++-------
Melee: Unarmed           ||    25
       Constrict         ||     8
       Kick              ||     7
       Punch             ||     5
       Tentacles         ||     3
 Cast: Beastly Appendage ||     2
Armor: Skin              ||     5
Dodge: Dodged            ||    16
